Match 37289856
Unlisted

Match 37289856
End
Kradschützen Motorcycle Team
Panzergrenadier Squad
Panzergrenadier Squad
250 Light Carrier
Construct Light Support Kompanie
Selects Armored Support Battlegroup
Selects Superior Fire Drills
Construct Mechanized Kompanie
Assault Grenadier Squad
REGULATOR
jdnebel
0
0

Comments sign in to comment!

No comments posted yet!